[Event "*** Titled Tuesday Blitz"]
[Site "Chess.com"]
[Date "2021.03.16"]
[Round "7"]
[White "UCantHandleDenker"]
[Black "ChessQueen"]
[Result "0-1"]
[WhiteElo "2515"]
[BlackElo "2718"]
[TimeControl "180+1"]
[EndTime "11:19:10 PDT"]
[Termination "ChessQueen won by resignation"]

1. Nf3 Nf6 2. d3 d5 3. g3 c5 4. Bg2 Nc6 5. O-O e5 6. Nbd2 Be7 7. e4 dxe4 8. dxe4 O-O 9. c3 Qc7 10. a4 Be6 11. Qe2 h6 12. Nh4 Rad8 13. Nf5 Bxf5 14. exf5 Na5 15. Nc4 Nxc4 16. Qxc4 Qd7 17. Be3 b6 18. Be4 Nxe4 19. Qxe4 Qd5 20. f3 c4 21.
Qxd5 Rxd5 22. a5 bxa5 23. Bxa7 Rb5 24. Rf2 Rd8 25. Ra4 Rd7 26. Be3 Rd3 27. Ba7 Bc5 28.
Bxc5 Rxc5 29. Kg2 f6 30. Re2 Kf7 31. g4 Ke7 32. Kg3 Kd6 33. Re4 Kd5 34. Ra2 Rd2 35.
h3 Kc6 36. Re1 Rb5 37. Rb1 Kb6 38. Ra4 Rdxb2 39. Rxb2 Rxb2 40. Rxc4 Rc2 41. Rc8 a4 42. Rb8+ Kc5 43. Ra8 Kb5 44. Rb8+ Kc5 45. Ra8 Ra2 46. Ra7 a3 47. Rxg7 Rb2 48. Ra7 a2 49. Kh4 Kc4 50.
Kh5 Kb3 51. Kxh6 Rh2 52. Kg6 Rxh3 53. Rb7+ Kxc3 54. Ra7 Kb2 55. Rb7+ Kc2 56. Rc7+ Kb1 57. Rb7+ Kc1 58. Rc7+ Kd1 59. Rd7+ Kc2 60. Ra7 Kb3 61.
Kxf6 Rh1 62. Rb7+ Kc4 63. Rc7+ Kd5 64. Ra7 a1=Q 65. Rxa1 Rxa1 66. g5 Ra3 67. g6 Rxf3 68.
g7 Rg3 69. Kf7 e4 70. f6 Ke5 71. Kf8 Kxf6 72. g8=Q Rxg8+ 73. Kxg8 e3 74. Kh7 e2 0-1

[Event "*** Titled Tuesday Blitz"]
[Site "Chess.com"]
[Date "2021.03.16"]
[Round "7"]
[White "canary2016"]
[Black "LubovMarkelova"]
[Result "0-1"]
[WhiteElo "2007"]
[BlackElo "2240"]
[TimeControl "180+1"]
[EndTime "11:19:12 PDT"]
[Termination "LubovMarkelova won by checkmate"]

1. d4 d5 2. c4 c6 3. Nf3 Nf6 4. g3 Bf5 5. Bg2 h6 6. Nc3 e6 7.
O-O Be7 8. Bf4 Nbd7 9. Qb3 Qb6 10. c5 Qxb3 11. axb3 O-O 12. b4 a6 13. Ra2 g5 14.
Bc7 Rac8 15. Be5 Ne4 16. h3 f6 17. Bd6 Nxd6 18. cxd6 Bxd6 19. Ra4 Nb6 20. Ra3 Nc4 21. Ra2 Bxb4 22. g4 Bg6 23. Rc1 Kg7 24. Na4 Be4 25. b3 Nd6 26. Nb6 Rce8 27. Ra4 a5 28.
Ne1 Bxg2 29. Kxg2 Bxe1 30. Rxe1 Nb5 31. e3 e5 32. dxe5 Rxe5 33. Rxa5 f5 34. Nd7 Rfe8 35.
Nxe5 Rxe5 36. gxf5 Rxf5 37. Rea1 Kg6 38. Ra8 Rf7 39.
Rg8+ Kf5 40. Rh8 Rf6 41. Raa8 Ke4 42. Rae8+ Kd3 43. Rh7 Nd6 44. Rd8 Kc3 45. Rhd7 Ne4 46. f3 Nc5 47. Rd6 Rf7 48. Rxh6 Nxb3 49. Rg6 Nd2 50.
Rxg5 Nxf3 51. Rg3 Ne1+ 52. Kg1 b5 53. Rg2 Nf3+ 54. Kh1 Ne5 55. Re8 Rf5 56. Kh2 b4 57. h4 b3 58. Rb8 Nc4 59. h5 Rxh5+ 60. Kg1 b2 61. Rgxb2 Nxb2 62. Rb6 Rh6 63. Kf2 Nc4 64. Ke2 Nxb6 65. Kf3 c5 66. Kf4 d4 67. Kf5 dxe3 68. Kf4 e2 69. Kf3 e1=Q 70. Kg2 Qe2+ 71. Kg1 Rg6+ 72.
Kh1 Qh5# 0-1

[Event "*** Titled Tuesday Blitz"]
[Site "Chess.com"]
[Date "2021.03.16"]
[Round "7"]
[White "JimmmyZhang"]
[Black "XDPS"]
[Result "1/2-1/2"]
[WhiteElo "2556"]
[BlackElo "2814"]
[TimeControl "180+1"]
[EndTime "11:19:18 PDT"]
[Termination "Game drawn - insufficient material"]

1. Nf3 d5 2. e3 Nf6 3. c4 c6 4. b3 e6 5. Bb2 Bd6 6. Nc3 e5 7. cxd5 cxd5 8. Rc1 a6 9. Be2 Nc6 10.
Na4 O-O 11. Rxc6 bxc6 12. Nxe5 c5 13. O-O Qc7 14. f4 Re8 15. Qc2 Bb7 16. Rc1 Rac8 17. Ng4 Nd7 18. Qf5 Re6 19. Bf3 d4 20. Bd5 Bxd5 21.
Qxd5 dxe3 22. dxe3 Bf8 23. h3 Nb6 24. Nxb6 Qxb6 25.
Ne5 Rd8 26. Qf3 Qa5 27. Ra1 Qb5 28. f5 Red6 29. Nc4 Rh6 30. e4 a5 31. f6 gxf6 32.
Bxf6 Re8 33. e5 a4 34. Re1 axb3 35. axb3 Rg6 36. h4 Bg7 37. Re4 Bxf6 38. h5 Rh6 39. Nd6 Qb8 40. Nxe8 Bxe5 41. Qf5 Re6 42. h6 Kf8 43.
Nf6 Bd4+ 44. Rxd4 Qg3 45. Rd8+ Ke7 46. Re8+ Kd6 47. Rxe6+ fxe6 48. Qf3 Qe1+ 49. Kh2 Qh4+ 50. Qh3 Qxf6 51. Qg3+ e5 52. Qg7 Qh4+ 53. Kg1 Qe1+ 54. Kh2 Qh4+ 55. Kg1 Qe1+ 56. Kh2 Qe4 57. Qf6+ Kd5 58.
Qf7+ Kd4 59. Qc4+ Ke3 60. Qxc5+ Kf4 61. Qf8+ Kg5 62. Qg7+ Kh5 63. b4 Qh4+ 64. Kg1 Qe1+ 65. Kh2 Qh4+ 66. Kg1 Qd4+ 67. Kh2 Qf4+ 68. Kg1 Qc1+ 69.
Kh2 Qf4+ 70. Kg1 Qxb4 71. Qxe5+ Kxh6 72. Qh2+ Kg6 73. Qg3+ Kf5 74. Qf3+ Kg5 75. Qg3+ Kf5 76. Qf3+ Qf4 77. Qxf4+ Kxf4 78. Kh2 Kg4 79. Kg1 h5 80. Kh1 h4 81. Kg1 h3 82. gxh3+ Kxh3 1/2-1/2

[Event "*** Titled Tuesday Blitz"]
[Site "Chess.com"]
[Date "2021.03.16"]
[Round "7"]
[White "IMAghasiyevKamal"]
[Black "elegant285"]
[Result "1/2-1/2"]
[WhiteElo "2505"]
[BlackElo "2397"]
[TimeControl "180+1"]
[EndTime "11:19:19 PDT"]
[Termination "Game drawn by repetition"]

1. d4 Nf6 2. c4 e6 3. g3 Bb4+ 4. Bd2 Qe7 5. Bg2 Nc6 6. Nf3 Bxd2+ 7. Nbxd2 d6 8. O-O e5 9. d5 Nb8 10. e4 O-O 11. b4 a5 12. a3 Na6 13. h3 c6 14. Re1 axb4 15. axb4 Bd7 16. Rb1 c5 17. b5 Nb4 18. Re3 Ra7 19. Ne1 Rfa8 20. Nd3 Nxd3 21. Rxd3 b6 22. Qe2 Ra2 23. Qe3 Qd8 24. Rbb3 R8a4 25. Ra3 Qa8 26. Rxa2 Rxa2 27. Kh2 Qa4 28. Qe1 Ra1 29. Qe3 h6 30. Rb3 Qa2 31. Bf3 Nh7 32.
h4 Nf6 33. Qc3 Bg4 34. Rb2 Qa4 35. Qb3 Qa5 36. Kg2 Ra3 37. Qc2 Rc3 38. Qb1 Bxf3+ 39. Nxf3 Rxc4 40. Ra2 Ra4 41. Re2 Rb4 42. Qa2 Rxb5 43.
Qc4 Rb4 44. Qc2 b5 45. Nd2 Ra4 46. Qd3 Ra3 47. Qb1 c4 48. Nf1 Ra1 49. Qc2 Qa4 50.
Qd2 b4 51. Ne3 c3 52. Qd3 Ra2 53. Rxa2 Qxa2 54. g4 b3 55. Qxc3 b2 56. Qc8+ Kh7 57. Qf5+ g6 58. Qxf6 Qa7 59. Nf5 gxf5 60. Qxf5+ Kg7 61.
g5 b1=Q 62. gxh6+ Kxh6 63. Qg5+ Kh7 64. Qh5+ Kg8 65. Qg5+ Kf8 66. Qd8+ Kg7 67. Qg5+ Kh8 68. Qh6+ Kg8 69. Qg5+ Kh7 70. Qh5+ Kg7 71. Qg5+ Kf8 72. Qd8+ Kg7 73. Qg5+ 1/2-1/2

[Event "*** Titled Tuesday Blitz"]
[Site "Chess.com"]
[Date "2021.03.16"]
[Round "7"]
[White "boasovietica"]
[Black "Grineva_Marianna"]
[Result "0-1"]
[WhiteElo "2418"]
[BlackElo "2265"]
[TimeControl "180+1"]
[EndTime "11:19:20 PDT"]
[Termination "Grineva_Marianna won by resignation"]

1. d4 d6 2. c4 Nf6 3. Nc3 Nbd7 4. e4 e5 5. Nge2 c6 6. g3 Be7 7. Bg2 O-O 8. O-O Qc7 9. h3 a6 10. Be3 Re8 11. Rc1 exd4 12. Nxd4 Bf8 13. Qd2 Nc5 14.
f3 Be6 15. b3 Rad8 16. Rfd1 Bc8 17. Nde2 h6 18. b4 Ne6 19. f4 Rd7 20. Qe1 Red8 21.
Qf2 Qb8 22. Ba7 Qa8 23. Bb6 Re8 24. Na4 Nc7 25. Nec3 a5 26. b5 Ne6 27. Be3 Rdd8 28.
Rb1 Nc5 29. Nxc5 dxc5 30. Bxc5 Be6 31. Bf1 Qc8 32. f5 Bd7 33. Bxf8 Rxf8 34. b6 Rfe8 35. Re1 Re5 36. Qd4 Rde8 37. Rbd1 c5 38. Qd6 Bc6 39.
Bg2 Nh5 40. g4 Nf4 41. Nd5 Nxd5 42. cxd5 Ba4 43. Rc1 c4 44. Qa3 Bb5 45. Qe3 Ba6 46. Qd4 Qd7 47. Re3 Qa4 48. a3 Qb5 49. Rec3 Qd7 50.
Kf2 R5e7 51. Re1 Re5 52. Ree3 Qb5 53. Bf1 Qb2+ 54. Re2 Qb1 55. Rec2 Qb5 56. Bxc4 Qd7 57. Bd3 Bxd3 58. Rxd3 Qb5 59. Re3 Qb1 60. Rcc3 Qh1 61. Kg3 Qg1+ 62. Kf4 Qf2+ 63. Rf3 Qh2+ 64. Ke3 Qg1+ 65.
Kd3 Qd1+ 66. Kc4 Rxe4 67. Rfd3 Rxd4+ 68. Kxd4 Qa4+ 69. Rc4 Qd7 70. Rc5 Re2 71. Kc4 Re4+ 72. Kc3 Qa4 73. d6 Qxa3+ 74. Kd2 Qxc5 75. d7 Rd4 76.
d8=Q+ Rxd8 77. Rxd8+ Kh7 78. Rd3 Qb4+ 0-1

[Event "*** Titled Tuesday Blitz"]
[Site "Chess.com"]
[Date "2021.03.16"]
[Round "7"]
[White "Sokoloco"]
[Black "enriquetejedor"]
[Result "1-0"]
[WhiteElo "2432"]
[BlackElo "2533"]
[TimeControl "180+1"]
[EndTime "11:19:21 PDT"]
[Termination "Sokoloco won by checkmate"]

1. b3 c6 2. Bb2 d5 3. e3 Nf6 4.
f4 Bg4 5. Be2 Bxe2 6. Qxe2 g6 7.
Nf3 Bg7 8. O-O O-O 9. d3 Nbd7 10. Nbd2 Re8 11. Ne5 Nf8 12. Ndf3 N6d7 13. Rab1 f6 14. Nxd7 Nxd7 15. e4 dxe4 16. Qxe4 Nc5 17. Qc4+ Qd5 18. Qxd5+ cxd5 19. Rfe1 Kf7 20. Re2 Rac8 21. Rbe1 a6 22. Ba3 Bf8 23. Nd4 Rc7 24. Kf2 e6 25. Kf3 Nxd3 26. cxd3 Bxa3 27. Nxe6 Rce7 28. f5 gxf5 29. Nd4 Rxe2 30. Rxe2 Rc8 31. Nxf5 Rc1 32. Ne3 d4 33.
Nf5 Bc5 34. Ke4 Ba7 35. Nxd4 Rc8 36.
Nf5 Bc5 37. d4 Bf8 38. Kf3 Rc1 39. Ne3 Ke6 40. d5+ Kd6 41. Rd2 Rc7 42. Nc4+ Kd7 43. Nb6+ Kd6 44. Nc4+ Kd7 45. Ke4 b5 46. Ne3 Rc1 47. Nf5 Bc5 48. Ng3 Re1+ 49. Kf3 Re3+ 50. Kf4 Re5 51. Ne4 Be7 52. d6 Bd8 53. g4 a5 54. g5 Re8 55. Nxf6+ Bxf6 56. gxf6 Re1 57. Kg5 Rg1+ 58. Kh5 Rf1 59. Kg5 Rg1+ 60. Kh6 Rg6+ 61.
Kxh7 Rxf6 62. h4 Rf1 63. h5 b4 64. h6 Rh1 65. Kg7 Rg1+ 66. Kh8 Rf1 67. h7 Rg1 68. Rd5 Rg4 69. Rxa5 Kxd6 70. Ra7 Kd5 71. Rg7 Re4 72. Kg8 Re8+ 73. Kf7 Rh8 74. Kg6 Ra8 75. Rg8 Rxa2 76. h8=Q Rg2+ 77. Kf7 Rf2+ 78. Ke8 Rf3 79. Qh5+ Ke4 80.
Rg4+ Ke3 81. Qe5+ Kf2 82. Qh2+ Ke3 83. Qg1+ Kd3 84. Qd4+ Kc2 85. Rg2+ Kb1 86. Qb2# 1-0

[Event "*** Titled Tuesday Blitz"]
[Site "Chess.com"]
[Date "2021.03.16"]
[Round "7"]
[White "nurgyulsalimova"]
[Black "GoltsevDmitry2000"]
[Result "1/2-1/2"]
[WhiteElo "2638"]
[BlackElo "2805"]
[TimeControl "180+1"]
[EndTime "11:20:01 PDT"]
[Termination "Game drawn by repetition"]

1. d4 Nf6 2. Nf3 e6 3. g3 d5 4. Bg2 Be7 5. O-O O-O 6. c4 dxc4 7. Qc2 a6 8. Qxc4 b5 9. Qc2 Bb7 10. Bd2 Be4 11. Qc1 Nc6 12. Be3 Rc8 13. Nbd2 Bd5 14. Rd1 Na5 15. Ne5 Bxg2 16. Kxg2 Qd5+ 17. Ndf3 Ne4 18.
b3 b4 19. Rd3 Rfd8 20. Qc2 f6 21. Nc4 Nxc4 22. bxc4 Qc6 23. h4 a5 24. a3 Rb8 25.
axb4 axb4 26. Qb3 Nc3 27. Bd2 Nxe2 28. d5 Qb6 29. Re1 Nc3 30. Bxc3 bxc3 31. Qc2 e5 32. Rxc3 Bc5 33. Nd2 Qb2 34. Qd3 Bd4 35. Rc2 Qb7 36. Rb1 Qa8 37. Rxb8 Rxb8 38. h5 c6 39. Qe4 cxd5 40. cxd5 Rd8 41. h6 gxh6 42. Qg4+ Kh8 43. Rc7 Qxd5+ 44. Nf3 Rg8 45. Qf5 Rg6 46. Rc8+ Kg7 47.
Rc7+ Kh8 48. Rc8+ Kg7 49. Qb1 Bc5 50. Rc7+ Kh8 51. Qb5 e4 52. Rxc5 exf3+ 53. Kh2 Qd2 54. Rc8+ Rg8 55. Rxg8+ Kxg8 56. Qe8+ Kg7 57. Qe7+ Kg6 58.
Qe4+ f5 59. Qxf3 Qe1 60. Qc6+ Kg5 61. Qf3 h5 62. Qf4+ Kg6 63. Qd6+ Kg5 64. Qf4+ Kf6 65. Qd6+ Qe6 66. Qf8+ Kg6 67. Qc5 Qe4 68. Qd6+ Kf7 69. Qd7+ Kf6 70. Qd8+ Qe7 71. Qd4+ Kg6 72. Qf4 Qf6 73.
Qf3 h4 74. Qf4 hxg3+ 75. fxg3 Qe6 76. Kh3 h5 77. Kh2 Qd5 78. Qc7 Qd2+ 79. Kh3 Qd5 80. Qb6+ Kg5 81. Qe3+ Kg6 82. Qb6+ Kf7 83. Qc7+ Kg6 84.
Qb6+ 1/2-1/2

[Event "*** Titled Tuesday Blitz"]
[Site "Chess.com"]
[Date "2021.03.16"]
[Round "7"]
[White "Szparu"]
[Black "zverr1"]
[Result "1/2-1/2"]
[WhiteElo "2628"]
[BlackElo "2475"]
[TimeControl "180+1"]
[EndTime "11:20:25 PDT"]
[Termination "Game drawn by agreement"]

1. e4 c5 2. Nf3 Nc6 3. Bb5 g6 4. c3 Bg7 5. d4 Qa5 6. Bxc6 dxc6 7. O-O Nf6 8. Nbd2 cxd4 9. cxd4 O-O 10. Nb3 Qc7 11.
Re1 a5 12. a4 Qb6 13. Qc2 Bg4 14. Ne5 Be6 15. Nc5 Bc8 16. Bd2 Qd8 17. Bc3 Nd7 18. Nexd7 Bxd7 19. Nxb7 Qb6 20. Nc5 Bc8 21. Rab1 e5 22. Red1 Bg4 23. f3 Be6 24. Qf2 Bb3 25. Nxb3 Qxb3 26. dxe5 Qxa4 27. Qc5 Qb5 28. Qxb5 cxb5 29.
Rd5 b4 30. Bd2 Rfb8 31. b3 Ra6 32. Ra1 a4 33. bxa4 b3 34. a5 Bf8 35. Rb1 Bb4 36.
Bxb4 Rxb4 37. Rb2 Kf8 38. Rd3 Rxa5 39. Rdxb3 Rxb3 40. Rxb3 Rxe5 41. Kf2 h5 42. Ke3 Kg7 43. Kd4 Ra5 44. Rb2 Kf6 45. h4 Ra1 46. Rb6+ Kg7 47. Ke3 Rh1 48. g3 Rf1 49. Kf4 Ra1 50. Rb7 Kf6 51. e5+ Ke6 52. Kg5 Rg1 53. Kf4 Re1 54. Rb6+ Ke7 55. Rf6 Rg1 56. Rb6 Re1 57. g4 hxg4 58.
fxg4 Rf1+ 59. Kg5 Re1 60. Rb5 Ke6 61. h5 gxh5 62. gxh5 Rg1+ 63. Kh6 Kf5 64. Rb7 f6 65. exf6 Kxf6 66. Rb6+ Kf7 67. Kh7 Rg7+ 68. Kh6 Rg1 69. Rg6 Ra1 70. Kg5 Rg1+ 71. Kh6 Ra1 72. Rg7+ Kf8 73.
Rb7 Kg8 74. Rb8+ Kf7 75. Rb7+ Kg8 76. Rb6 Ra7 77. Rf6 Rf7 78. Rg6+ Kh8 79. Re6 Rh7+ 80. Kg6 Rg7+ 81. Kf6 Ra7 82. Re8+ Kh7 83. Kg5 Rg7+ 84. Kh4 Ra7 85. Re4 Rb7 86. Rd4 Rc7 87. Kg4 Rg7+ 88.
Kf5 Rc7 89. Rd5 Kh6 90. Kg4 Rg7+ 91. Kh4 Ra7 92. Rd6+ Kh7 93. Kg5 Rg7+ 94. Kf6 Ra7 95. Rd5 Ra6+ 96. Kg5 Ra7 97. h6 Rb7 98. Rf5 Re7 99.
Rf6 Re5+ 100. Kg4 Ra5 101. Rb6 Re5 102. Kf4 Rh5 103. Rb7+ Kxh6 104. Rb6+ 1/2-1/2

[Event "*** Titled Tuesday Blitz"]
[Site "Chess.com"]
[Date "2021.03.16"]
[Round "8"]
[White "Bacyanide"]
[Black "Ranindu2003"]
[Result "0-1"]
[WhiteElo "2418"]
[BlackElo "2594"]
[TimeControl "180+1"]
[EndTime "11:22:49 PDT"]
[Termination "Ranindu2003 won by resignation"]

1. d4 Nf6 2. c4 g6 3. Nc3 Bg7 4. Nf3 d5 5. cxd5 Nxd5 6. e4 Nxc3 7. bxc3 c5 8. h3 O-O 9. Be3 Qa5 10. Bd2 Rd8 11. d5 Bxc3 12. Be2 e6 13. O-O Bxd2 14. Nxd2 exd5 15. Nc4 dxc4 16. Qc2 Be6 17. f4 Nc6 18. f5 Nd4 19. Qd1 Nxf5 0-1

[Event "*** Titled Tuesday Blitz"]
[Site "Chess.com"]
[Date "2021.03.16"]
[Round "8"]
[White "Smile2005"]
[Black "korbul"]
[Result "1-0"]
[WhiteElo "2442"]
[BlackElo "2581"]
[TimeControl "180+1"]
[EndTime "11:22:51 PDT"]
[Termination "Smile2005 won by resignation"]

1. Nf3 d5 2. g3 e6 3. Bg2 Nf6 4. O-O Ke7 5. d3 Ke8 6. Nbd2 Be7 7. e4 c5 8. exd5 Nxd5 9. Nc4 Nc6 10. Re1 Kf8 11.
Nfe5 Nxe5 12. Nxe5 f6 13. Nc4 Kf7 14. Qe2 Re8 15.
Qh5+ Kg8 16. Re4 g6 17. Qh6 Bf8 18. Qh4 f5 19. Bg5 Qc7 20. Re2 Bg7 21. Bxd5 Bxb2 22. Nxb2 1-0

[Event "*** Titled Tuesday Blitz"]
[Site "Chess.com"]
[Date "2021.03.16"]
[Round "8"]
[White "IMAghasiyevKamal"]
[Black "dpopadic"]
[Result "1/2-1/2"]
[WhiteElo "2502"]
[BlackElo "2351"]
[TimeControl "180+1"]
[EndTime "11:23:06 PDT"]
[Termination "Game drawn by repetition"]

1. d4 Nf6 2. c4 g6 3. Nc3 Bg7 4. e4 d6 5. Be2 O-O 6. Be3 e5 7. d5 a5 8. g4 Na6 9. h4 Re8 10. g5 Nd7 11. h5 Ndc5 12. f3 Bd7 13. Qd2 c6 14. Bf1 cxd5 15. Nxd5 Be6 16. Nf6+ Bxf6 17. gxf6 Qxf6 18. Bg5 Qg7 19. Bh6 Qf6 20. Bg5 Qg7 21. Bh6 Qf6 22. Bg5 1/2-1/2

[Event "*** Titled Tuesday Blitz"]
[Site "Chess.com"]
[Date "2021.03.16"]
[Round "8"]
[White "nrvisakh"]
[Black "nurgyulsalimova"]
[Result "0-1"]
[WhiteElo "2782"]
[BlackElo "2649"]
[TimeControl "180+1"]
[EndTime "11:23:15 PDT"]
[Termination "nurgyulsalimova won by resignation"]

1. e4 c6 2. Nc3 d5 3. Nf3 dxe4 4. Nxe4 Nf6 5. Nxf6+ exf6 6. d4 Bd6 7.
Bd3 O-O 8. O-O Re8 9. h3 Nd7 10. c4 Nf8 11. Re1 Rxe1+ 12. Qxe1 Be6 13. b3 Qd7 14. Be3 Re8 15. Rd1 Bxh3 16. gxh3 Qxh3 17. Be2 Re4 0-1

[Event "*** Titled Tuesday Blitz"]
[Site "Chess.com"]
[Date "2021.03.16"]
[Round "8"]
[White "PavelShkapenko"]
[Black "UCantHandleDenker"]
[Result "1-0"]
[WhiteElo "2701"]
[BlackElo "2511"]
[TimeControl "180+1"]
[EndTime "11:23:57 PDT"]
[Termination "PavelShkapenko won by resignation"]

1. e4 c5 2. c3 d6 3. d4 Nf6 4. Bd3 g6 5. dxc5 dxc5 6. e5 Ng4 7. Bb5+ Bd7 8. e6 Bxb5 9. exf7+ Kxf7 10. Qxd8 Bg7 11.
Qd5+ e6 12. Qxb7+ Kf6 13. Qxb5 1-0

[Event "*** Titled Tuesday Blitz"]
[Site "Chess.com"]
[Date "2021.03.16"]
[Round "8"]
[White "vovachesss"]
[Black "NateSolon"]
[Result "1-0"]
[WhiteElo "2750"]
[BlackElo "2563"]
[TimeControl "180+1"]
[EndTime "11:24:18 PDT"]
[Termination "vovachesss won by resignation"]

1. e4 c5 2. d4 cxd4 3. c3 dxc3 4.
Nxc3 Nc6 5. Nf3 e6 6. Bc4 Bb4 7. O-O Nge7 8. Bg5 O-O 9. e5 h6 10. Bh4 Bxc3 11. bxc3 Qc7 12. Bd3 Ng6 13. Bxg6 fxg6 14.
Bg3 b6 15. Qd3 Bb7 16. Rfd1 Rf7 17. Qxg6 Ne7 18. Qg4 Bxf3 19. gxf3 Raf8 20. Rd3 Rc8 21. Rad1 Nd5 22. Rxd5 exd5 23. e6 dxe6 24. Bxc7 1-0

[Event "*** Titled Tuesday Blitz"]
[Site "Chess.com"]
[Date "2021.03.16"]
[Round "8"]
[White "elohunter1999"]
[Black "northridgehawk"]
[Result "1-0"]
[WhiteElo "2592"]
[BlackElo "2345"]
[TimeControl "180+1"]
[EndTime "11:24:21 PDT"]
[Termination "elohunter1999 won by resignation"]

1. d4 Nf6 2. c4 g6 3. Nc3 d5 4. cxd5 Nxd5 5. e4 Nxc3 6. bxc3 Bg7 7. Nf3 c5 8. Rb1 O-O 9. Be2 Nc6 10. d5 Ne5 11.
Nxe5 Bxe5 12. Qd2 Bc7 13. O-O e6 14. c4 exd5 15. cxd5 b6 16. Bb2 Qh4 17. d6 Rd8 18. Qc3 f6 19. Bc4+ Kg7 20. dxc7 Rd4 21. Rbd1 1-0

[Event "*** Titled Tuesday Blitz"]
[Site "Chess.com"]
[Date "2021.03.16"]
[Round "8"]
[White "GoltsevDmitry2000"]
[Black "gurelediz"]
[Result "0-1"]
[WhiteElo "2794"]
[BlackElo "2676"]
[TimeControl "180+1"]
[EndTime "11:24:22 PDT"]
[Termination "gurelediz won by resignation"]

1. e3 Nf6 2. d4 g6 3. b3 Bg7 4. Bb2 O-O 5. Nd2 c5 6. Ngf3 cxd4 7. Bxd4 Nc6 8. Bb2 Re8 9. Be2 d5 10. O-O e5 11. c4 d4 12. exd4 exd4 13. Re1 d3 14. Bf1 Bf5 15. Rxe8+ Nxe8 16. Bxg7 Nxg7 17. h3 h5 18. Ne1 Qd6 19. g4 hxg4 20. hxg4 Be6 21.
Nxd3 Rd8 22. Ne4 Qd4 23. Qe1 Bxg4 24. Nf4 Re8 25. Bg2 f5 26. Nxg6 fxe4 27. Rc1 e3 28.
Bd5+ Kh7 29. f3 Kxg6 30. fxg4 Qxg4+ 31. Bg2 Nd4 32. Rd1 Nf3+ 0-1

[Event "*** Titled Tuesday Blitz"]
[Site "Chess.com"]
[Date "2021.03.16"]
[Round "8"]
[White "Pantata007"]
[Black "Soltan49"]
[Result "1-0"]
[WhiteElo "2339"]
[BlackElo "2206"]
[TimeControl "180+1"]
[EndTime "11:24:38 PDT"]
[Termination "Pantata007 won by resignation"]

1. d4 Nf6 2. c4 c5 3. d5 b5 4. cxb5 a6 5. bxa6 g6 6. Nc3 Bg7 7. e4 O-O 8. a7 Rxa7 9. Nf3 Ba6 10. Bxa6 Nxa6 11. O-O d6 12. Qe2 Ng4 13. Nb5 Ra8 14.
a4 Nb4 15. Bd2 Bxb2 16. Rab1 Bg7 17. Bxb4 cxb4 18. Rxb4 Ra5 19. Nfd4 Ne5 20. f4 Nd7 21. Nc6 Qb6+ 22. Qf2 Nc5 23. Nxa5 Qxb5 1-0

[Event "*** Titled Tuesday Blitz"]
[Site "Chess.com"]
[Date "2021.03.16"]
[Round "8"]
[White "GelmanAlexander"]
[Black "ridnani2021"]
[Result "1-0"]
[WhiteElo "2565"]
[BlackElo "2344"]
[TimeControl "180+1"]
[EndTime "11:24:43 PDT"]
[Termination "GelmanAlexander won by checkmate"]

1. d4 Nf6 2. Nc3 g6 3. e4 Bg7 4. e5 Ng8 5. f4 d6 6. Nf3 c5 7. dxc5 dxc5 8. Qxd8+ Kxd8 9. Be3 b6 10.
O-O-O+ Kc7 11. Bc4 e6 12. Nb5+ Kc6 13. Ng5 Nh6 14.
Be2 Nf5 15. Bf2 Na6 16. c4 Rb8 17. Bf3# 1-0

[Event "*** Titled Tuesday Blitz"]
[Site "Chess.com"]
[Date "2021.03.16"]
[Round "8"]
[White "JosefineHeinemann"]
[Black "Niktlt"]
[Result "0-1"]
[WhiteElo "2630"]
[BlackElo "2517"]
[TimeControl "180+1"]
[EndTime "11:24:47 PDT"]
[Termination "Niktlt won by resignation"]

1. e4 e6 2. d4 d5 3. Nd2 Be7 4. e5 c5 5. c3 Nc6 6. Bd3 Nh6 7. Ne2 Nf5 8. Bxf5 exf5 9. O-O Be6 10. Nf3 g5 11.
dxc5 a5 12. Ned4 h6 13. Nxe6 fxe6 14. Nd4 Kd7 15. Nxc6 bxc6 16. b4 Qc7 17. Qd4 Rhb8 18. Bd2 Qb7 19. a4 Qa6 20. Rfb1 Rb7 21. Be3 Rab8 22.
Bd2 h5 23. Ra2 g4 24. g3 h4 25. Raa1 h3 26. f3 Qe2 27. Qf2 Bxc5 0-1

[Event "*** Titled Tuesday Blitz"]
[Site "Chess.com"]
[Date "2021.03.16"]
[Round "8"]
[White "suneebaker"]
[Black "annacramling"]
[Result "1-0"]
[WhiteElo "2205"]
[BlackElo "1991"]
[TimeControl "180+1"]
[EndTime "11:24:51 PDT"]
[Termination "suneebaker won by resignation"]

1. Nf3 c5 2. c4 Nc6 3. g3 e5 4. d3 d6 5. Bg2 g6 6. Nc3 Bg7 7. O-O Nge7 8. Bd2 O-O 9. a3 a5 10. e4 h6 11. Nd5 Be6 12. Rb1 Rb8 13. b4 axb4 14. axb4 b5 15. bxc5 bxc4 16. cxd6 Qxd6 17. dxc4 Nd4 18. Rxb8 Rxb8 19. Nxd4 exd4 20. Bf4 Be5 21. Bxe5 Qxe5 22. Nxe7+ Kg7 23. Nc6 Qc7 24. Nxb8 Qxb8 25. Qxd4+ 1-0

[Event "*** Titled Tuesday Blitz"]
[Site "Chess.com"]
[Date "2021.03.16"]
[Round "8"]
[White "MaevskiyNikolay"]
[Black "DrMamaliga"]
[Result "1-0"]
[WhiteElo "2559"]
[BlackElo "2391"]
[TimeControl "180+1"]
[EndTime "11:25:10 PDT"]
[Termination "MaevskiyNikolay won by resignation"]

1. d4 d5 2. c4 dxc4 3. Nf3 Nf6 4. Nc3 a6 5. Bg5 e6 6. e4 Be7 7. e5 Nd5 8. Bxe7 Qxe7 9. Bxc4 c6 10. O-O O-O 11. Ne4 Nd7 12. Rc1 b5 13. Bd3 Bb7 14. Nd6 N7b6 15. Bb1 g6 16. a3 Rad8 17. Ne4 f5 18.
exf6 Nxf6 19. Nc5 Nc4 20. Qc2 e5 21. Nxb7 Qxb7 22. Nxe5 Nxe5 23. dxe5 Ng4 24. Qe4 Qf7 25. Qxg4 1-0

[Event "*** Titled Tuesday Blitz"]
[Site "Chess.com"]
[Date "2021.03.16"]
[Round "8"]
[White "HanSchut"]
[Black "boasovietica"]
[Result "0-1"]
[WhiteElo "2228"]
[BlackElo "2422"]
[TimeControl "180+1"]
[EndTime "11:25:14 PDT"]
[Termination "boasovietica won by resignation"]

1. e4 d6 2. d4 g6 3. Nc3 Bg7 4. f4 Nf6 5. Nf3 O-O 6. Bd3 Nfd7 7. e5 c5 8. exd6 cxd4 9. dxe7 Qxe7+ 10. Ne2 Nc6 11.
O-O Nc5 12. Re1 Nxd3 13. Qxd3 Bf5 14. Qd1 Rfe8 15. Bd2 Qc5 16. Kh1 Bxc2 17. Qc1 d3 18. Nc3 Nd4 19. Be3 Nxf3 20. Bxc5 Rxe1+ 21. Qxe1 Nxe1 22. Rxe1 Bxc3 23. bxc3 d2 0-1

[Event "*** Titled Tuesday Blitz"]
[Site "Chess.com"]
[Date "2021.03.16"]
[Round "8"]
[White "zverr1"]
[Black "Vincent_Vega95"]
[Result "1-0"]
[WhiteElo "2488"]
[BlackElo "2725"]
[TimeControl "180+1"]
[EndTime "11:25:23 PDT"]
[Termination "zverr1 won by resignation"]

1. d4 Nf6 2. c4 g6 3. Nc3 Bg7 4. e4 O-O 5. h3 d6 6. Be3 e5 7. d5 a5 8. Nge2 h5 9. Nc1 Na6 10. Nd3 b6 11. Qd2 Nc5 12. Nxc5 bxc5 13. Bh6 Nh7 14. Bxg7 Kxg7 15. Nb5 Bd7 16. Bd3 Bxb5 17.
cxb5 f5 18. exf5 gxf5 19. O-O-O e4 20. Be2 h4 21. a4 Qg5 22. f4 Qf6 23. g4 hxg3 24.
Rhg1 Kh8 25. Rxg3 Rg8 26. Rdg1 Qd4 27. Rxg8+ Rxg8 28. Rxg8+ Kxg8 29. Qxd4 cxd4 30. b4 d3 31. bxa5 dxe2 32. Kd2 Nf6 33. a6 Nxd5 34. a5 e3+ 35. Ke1 1-0

[Event "*** Titled Tuesday Blitz"]
[Site "Chess.com"]
[Date "2021.03.16"]
[Round "8"]
[White "GigaQuparadze"]
[Black "Supernotar"]
[Result "1-0"]
[WhiteElo "2940"]
[BlackElo "2718"]
[TimeControl "180+1"]
[EndTime "11:25:28 PDT"]
[Termination "GigaQuparadze won by resignation"]

1. e4 c6 2. d4 d5 3. Nc3 dxe4 4. Nxe4 Bf5 5. Ng3 Bg6 6. h4 h6 7. Nf3 Nd7 8. h5 Bh7 9. Bd3 Bxd3 10. Qxd3 e6 11.
Bd2 Ngf6 12. O-O-O Be7 13. Kb1 O-O 14. Bc1 Qb6 15.
Ne4 Nxe4 16. Qxe4 Nf6 17. Qe2 a5 18. g4 a4 19. g5 hxg5 20. h6 g6 21. Nxg5 Nh7 22.
f4 a3 23. b3 Ra5 24. Nxe6 fxe6 25. Qxe6+ Rf7 26. Qxg6+ Kf8 27. Rdg1 Bb4 28. Qg8+ Ke7 29. Rg7 Rf5 30. Qxh7 Rf6 31. Rxf7+ Rxf7 32. Qxf7+ Kxf7 33. h7 Qxd4 34. h8=Q 1-0

[Event "*** Titled Tuesday Blitz"]
[Site "Chess.com"]
[Date "2021.03.16"]
[Round "8"]
[White "enriquebutti"]
[Black "Sergey85Rodchenkov"]
[Result "0-1"]
[WhiteElo "2231"]
[BlackElo "2541"]
[TimeControl "180+1"]
[EndTime "11:25:35 PDT"]
[Termination "Sergey85Rodchenkov won by resignation"]

1. d4 Nf6 2. c4 e6 3. Nf3 b6 4. e3 Bb7 5. Bd3 d5 6. O-O Bd6 7. b3 O-O 8. Bb2 c5 9. Nc3 Nbd7 10.
Rc1 Rc8 11. cxd5 exd5 12. dxc5 bxc5 13. Na4 Qe7 14. Bf5 Rcd8 15. Rc2 g6 16. Bh3 Ne4 17.
Nd2 Ndf6 18. Nxe4 Nxe4 19. Nc3 d4 20. Nxe4 Bxe4 21. exd4 Bxc2 22. Qxc2 cxd4 23. Qd1 Be5 24. Re1 Qf6 25. g3 Rfe8 26. f4 Bc7 27. Rxe8+ Rxe8 28. Bxd4 Bb6 0-1